 Dungeon Crawl Stone Soup version 0.29.1-13-g9f3cf754e1 (webtiles) character file.

Game seed: 6585088067801359976

6 croobank the Sneak (level 1, 0/16 HPs)
             Began as an Octopode Delver on Feb 7, 2023.
             Slain by Prince Ribbit (16 damage)
             ... on level 5 of the Dungeon.
             The game lasted 00:01:09 (334 turns).

croobank the Sneak (Octopode Delver)                 Turns: 334, Time: 00:01:10

Health: 0/16       AC:  1    Str: 11    XL:     1   Next: 90%
Magic:  1/1        EV: 13    Int: 12    God:
Gold:   13         SH:  0    Dex: 13    Spells: 0/0 levels left

rFire   . . .      SeeInvis .   a - +2 hand axe (venom)
rCold   . . .      Faith    .   (no shield)
rNeg    . . .      Spirit   .   (helmet restricted)
rPois   .          Reflect  .   (no amulet)
rElec   .          Harm     .   (no ring)
rCorr   .          Rampage  .   (no ring)
Will    .....                   (no ring)
Stlth   ++++......              (no ring)
HPRegen 0.05/turn               (no ring)
MPRegen 0.07/turn               (no ring)
                                (no ring)
                                (no ring)

@: no status effects
A: almost no armour, amphibious, 8 rings, camouflage 1, gelatinous body 1,
(nimble swimmer 1), tentacles
a: no special abilities


You were on level 5 of the Dungeon.
You visited 1 branch of the dungeon, and saw 2 of its levels.

You collected 13 gold pieces.

Inventory:

Hand Weapons
 a - a +2 hand axe of venom (weapon)
Wands
 f - a wand of digging (3)
Scrolls
 b - a scroll of fog
 c - a scroll of magic mapping
 d - a scroll of fear
Potions
 e - 3 potions of haste
 g - a potion of attraction {unknown}
 h - a potion of mutation {unknown}


   Skills:
 + Level 3.1 Fighting
 + Level 2.1 Axes
 + Level 2.1 Dodging
 + Level 6.7 Stealth


You couldn't memorise any spells.
You didn't know any spells.
Your spell library contained the following spells:

 Spells                   Type           Power      Damage    Failure   Level
 Foxfire                  Conj/Fire      0%         2x1d4     32%         1
 Conjure Flame            Conj/Fire      0%         6-21      69%         3
 Inner Flame              Hex/Fire       0%         N/A       69%         3
 Flame Wave               Conj/Fire      0%         2d4       97%         4


Dungeon Overview and Level Annotations

Branches:
Dungeon (6/15)
 Temple: D:4-7

Altars:

Annotations:
D:5 2 transporters, Prince Ribbit; flickminster's ghost, amateur DsGl


Innate Abilities, Weirdness & Mutations

You cannot wear most types of armour.
You are amphibious.
You can wear up to eight rings at the same time.
Your skin changes colour to match your surroundings (Stealth+).
Your rubbery body absorbs attacks. (AC +1, EV +1)
((You are camouflaged when in or above water. (Stealth+)))
You have tentacles for arms and can constrict up to eight enemies at once.


Message History

Flickminster's ghost wails, "They lied to you.
The Dungeon just goes down and down forever."
Flickminster's ghost screams, "You will never get the ORB!"
HP restored.
Items here: )) [ †.
Found a sedimented brown potion.
You see here a +0 troll leather armour.
Flickminster's ghost whispers, "Meet the emptiness of death!"
Flickminster's ghost whispers, "It is all a dream - a grotesque and foolish dream."
Found a red potion.
g - a sedimented brown potion
h - a red potion
There are no items here.
Found a transporter.
Found a transporter.
Found 4 stones.
There is a transporter here.
You now have 13 gold pieces.
A black bear comes into view.
Flickminster's ghost lets out a mournful wail.
Found 10 gold pieces.
There is a stone staircase leading down here.
You climb downwards.
Found a lumpy white potion and a throwing net.
There is a stone staircase leading up here.
A kobold brigand and 4 kobolds come into view.
The kobold brigand is wielding a +0 dagger and quivering poisoned darts.
A kobold is wielding a +0 vampiric short sword.
A kobold comes into view. It is wielding a +0 short sword.
There is a stone staircase leading up here.
The black bear growls angrily.
You hear a shout! x5
You climb upwards.
Level annotation: 2 transporters, flickminster's ghost, amateur DsGl
There is a stone staircase leading down here.
e - 3 potions of haste (gained 2) Prince Ribbit comes into view.
The helpless Prince Ribbit fails to defend himself.
You hit Prince Ribbit. Your grab misses Prince Ribbit.
Prince Ribbit is lightly wounded.
Prince Ribbit hits you!
Ouch! That really hurt!
You die...

####### ###.#....>.###..###.#
....#.. #...................#
..#.#.# #.##.#.......##.#####
#.#.#.# #.##.##.##......#
#.#.#.#######.#.....##...####
#.............########...#
#####.############ ##.##
...##..........F.# ..
##.#############@# ##
#...............#
#######.#####.#.# ### #####


You could see Prince Ribbit.

Vanquished Creatures
  3 orcs (D:5)
3 creatures vanquished.

Notes
Turn   | Place    | Note
-------+----------+-------------------------------------------
     0 | D:5      | croobank the Octopode Delver began the quest for the Orb.
     0 | D:5      | Reached XP level 1. HP: 16/16 MP: 1/1
     0 | D:5      | Noticed a two-headed ogre
     1 | D:5      | Noticed a scorpion
     3 | D:5      | Noticed flickminster's ghost (amateur DsGl)
    11 | D:6      | Noticed an orc priest
    33 | D:5      | Noticed a scorpion
   171 | D:5      | Found a transporter.
   179 | D:5      | Found a transporter.
   223 | D:5      | Noticed a black bear
   260 | D:6      | Noticed a black bear
   261 | D:6      | Noticed a kobold brigand
   332 | D:5      | Noticed Prince Ribbit
   334 | D:5      | Slain by Prince Ribbit

Illustrated notes

Levels and vault maps discovered:
D:5:      layout_basic, vehumet_crystals, temple_hall, gammafunk_ghost_arena,
          uniq_prince_ribbit1, uniq_menkaure
D:6:      layout_rooms, nicolae_overflow_hidden_temple, st_stairs_2,
          wad_floor_pattern_untrapped

Action                   || total
-------------------------++-------
Melee: Hand axe          ||     5
       Constrict         ||     1
       Tentacles         ||     1
 Stab: Sleeping          ||     1
Dodge: Dodged            ||     5
